Map: Eternal Empire LE

Players

Slaight

  • Race: Protoss Protoss
  • League: Platinum
  • Spawn Location: 7:00

VOD

Have the link to the VOD?

Description

Time

  • Played on: July 24, 2020, 2:30 a.m.
  • Length: 3:34
Show
View Real Time Build Order
Export as new Build Order

Slaight Protoss 

Build Orders:  

Get SALT Encoding   

  12  0:04  Probe (Chrono Boost)  
  13  0:21  Pylon  
  13  0:28  Probe (Chrono Boost)  
  14  0:34  Assimilator  
  14  0:45  Probe (Chrono Boost)  
  15  0:59  Gateway  
  15  1:06  Probe (Chrono Boost)  
  16  1:23  Probe (Chrono Boost)  
  18  1:40  Probe (Chrono Boost)  
  18  1:56  Nexus  
  18  2:02  Probe (Chrono Boost)  
  19  2:15  Cybernetics Core  
  19  2:24  Probe (Chrono Boost)  
  19  2:28  Assimilator  
  21  2:41  Probe (Chrono Boost)  
  21  2:42  Pylon  
  21  2:58  Probe (Chrono Boost)  
Tags
 
Add a new tag
Caveats
  • Supply blocks, unpowered buildings, or Contaminate may cause inaccurate times.
  • Supply counts are checked every 10 seconds.